 Dungeon Crawl Stone Soup version 0.18.1-48-g4cf74bf (webtiles) character file.

688 Laphicet the Insei (level 7, -3/55 HPs)
             Began as a Demonspawn Monk on Sept 6, 2016.
             Slain by an adder (4 damage)
             ... on level 5 of the Dungeon.
             The game lasted 00:10:38 (4226 turns).

Laphicet the Insei (Demonspawn Monk)                Turns: 4226, Time: 00:10:39

Health: -3/55      AC:  6    Str: 13    XL:     7   Next: 36%
Magic:  7/7        EV:  6    Int: 12    God:
Gold:   98         SH:  0    Dex: 15    Spells: 0 memorised, 6 levels left

rFire  . . .     SeeInvis .       - Unarmed
rCold  . . .     Gourm    .     c - +0 scale mail
rNeg   . . .     Faith    .     (no shield)
rPois  .         Spirit   .     (helmet restricted)
rElec  .         Dismiss  .     (no cloak)
rCorr  .         Reflect  .     (no gloves)
SustAt .         Harm     .     (no boots)
MR     .....                    (no amulet)
Stlth  +.........               (no ring)
                                (no ring)

@: lethally poisoned (-3 -> -4), not resistant to hostile enchantments, very
unstealthy
A: antennae 1, claws 1, talons 1, foul stench 1, powered by death 1, rot
immunity
a: no special abilities


You were on level 5 of the Dungeon.
You were not hungry.

You visited 1 branch of the dungeon, and saw 5 of its levels.

You collected 98 gold pieces.

Inventory:

Hand Weapons
 f - a +2 dagger of freezing
Missiles
 a - 106 stones (quivered)
Armour
 c - a +0 scale mail (worn)
Wands
 e - a wand of acid (8/15)
Scrolls
 d - a scroll of enchant weapon {unknown}
 g - a scroll of recharging {unknown}
 i - a scroll of fog
 l - a scroll of enchant armour {unknown}
 m - 2 scrolls of remove curse {unknown}
 n - a scroll of teleportation
 q - a scroll of immolation {unknown}
Potions
 h - a potion of resistance
 j - 2 potions of flight
 o - a potion of berserk rage
Comestibles
 b - 7 bread rations
 k - a chunk of flesh
 p - 2 meat rations


   Skills:
 + Level 4.9 Fighting
 + Level 4.8 Dodging
 + Level 4.0 Stealth
 + Level 5.2 Unarmed Combat


You had 6 spell levels left.
You didn't know any spells.

Dungeon Overview and Level Annotations

Branches:
Dungeon (5/15)
 Temple: D:4-7

Altars:
Makhleb
Vehumet
Xom


Innate Abilities, Weirdness & Mutations

You have a pair of small antennae on your head.
You have sharp fingernails.
You have sharp toenails.
You may emit foul miasma when damaged in melee.
You regenerate a little health from kills.
You are immune to rotting.


Message History

A giant cockroach and an orc priest come into view.
A sky beast appears from thin air!
Reactivating autopickup.
The sky beast flickers out of sight!
Deactivating autopickup; reactivate with Ctrl-A.
The adder bites you.
* * * LOW HITPOINT WARNING * * *
You are poisoned.
The adder poisons you!
You feel sick.
There is a stone staircase leading up, spattered with blood here.
The adder bites you.
* * * LOW HITPOINT WARNING * * *
A sky beast appears from thin air!
Reactivating autopickup.
The orc priest calls down the wrath of Beogh upon you.
Beogh smites you!
* * * LOW HITPOINT WARNING * * *
The adder bites you.
You die...

########## #........#
#........# #..#.#...#
#...@Z...#
####..#S#...#
.......Y....#
###.........#
##....#...#
...........####
###...........# #
#.#####o....####
..#####.#####≈.##....#


You could see a sky beast, an orc priest, an adder and a giant frog zombie.

Vanquished Creatures
  Sigmund (D:2)
  An ogre (D:4)
  A crimson imp (D:3)
  A centaur skeleton (D:4)
  A giant frog skeleton (D:4)
  A hound (D:4)
  Jessica (D:3)
  Terence (D:2)
  2 iguanas (D:4)
  4 gnolls (D:4)
  6 adders
  4 oozes (D:1)
  4 dart slugs
  3 worms
  A giant gecko (D:1)
  13 orcs
  3 ball pythons
  13 bats
  4 giant cockroaches
  6 goblins
  12 hobgoblins
  7 jackals
  14 kobolds
  6 giant newts
  7 rats
117 creatures vanquished.

Notes
Turn   | Place    | Note
--------------------------------------------------------------
     0 | D:1      | Laphicet the Demonspawn Monk began the quest for the Orb.
     0 | D:1      | Reached XP level 1. HP: 18/18 MP: 1/1
   103 | D:1      | Gained mutation: You have a pair of small antennae on your head. [demonic ancestry]
   103 | D:1      | Reached XP level 2. HP: 24/24 MP: 2/2
   397 | D:1      | Gained mutation: You regenerate a little health from kills. [demonic ancestry]
   397 | D:1      | Reached XP level 3. HP: 23/29 MP: 3/3
   683 | D:1      | Reached skill level 4 in Unarmed Combat
  1201 | D:2      | Noticed Sigmund
  1231 | D:1      | Gained mutation: You are immune to rotting. [demonic ancestry]
  1231 | D:1      | Reached XP level 4. HP: 35/35 MP: 4/4
  1371 | D:2      | Noticed Terence
  1409 | D:2      | Killed Terence
  1578 | D:2      | Found a shimmering altar of Xom.
  1956 | D:2      | Gained mutation: You have sharp toenails. [demonic ancestry]
  1956 | D:2      | Reached XP level 5. HP: 42/42 MP: 5/5
  2505 | D:2      | Killed Sigmund
  2505 | D:2      | Gained mutation: You may emit foul miasma when damaged in melee. [demonic ancestry]
  2505 | D:2      | Reached XP level 6. HP: 45/48 MP: 6/6
  2699 | D:3      | Noticed Jessica
  2741 | D:3      | Killed Jessica
  3095 | D:3      | Found a radiant altar of Vehumet.
  3096 | D:3      | Found a burning altar of Makhleb.
  3466 | D:4      | Reached skill level 5 in Unarmed Combat
  3493 | D:4      | Gained mutation: You have sharp fingernails. [demonic ancestry]
  3493 | D:4      | Reached XP level 7. HP: 45/55 MP: 7/7
  4126 | D:5      | Entered Level 5 of the Dungeon
  4226 | D:5      | HP: 1/55 [orc priest/divine providence (8)]
  4226 | D:5      | Slain by an adder

Skill      XL: |  1  2  3  4  5  6  7 |
---------------+----------------------+-----
Stealth        | 2 3 4 |  4.0
Dodging        | 3 4 |  4.8
Unarmed Combat | 4 5 |  5.2
Fighting       | 4 |  4.9

Action                   |  1- 3 |  4- 6 |  7- 9 || total
-------------------------+-------+-------+-------++-------
Melee: Unarmed           |   153 |   355 |    50 ||   558
       Punch             |     3 |     5 |     5 ||    13
       Kick              |       |    71 |    13 ||    84
Evoke: Wand              |       |       |     1 ||     1
  Use: Scroll            |     3 |     4 |       ||     7
       Potion            |       |     4 |       ||     4
  Eat: Chunk             |     1 |     9 |     3 ||    13
Armor: Scale mail        |    71 |   133 |    16 ||   220
Dodge: Dodged            |    82 |   183 |    15 ||   280
